 Dungeon Crawl Stone Soup version 0.18.1-6-gd335043 (webtiles) character file.

2398 epen the Agent of Entropy (level 9, -1/68 HPs)
             Began as a Demonspawn Abyssal Knight on May 19, 2016.
             Was a Priest of Lugonu.
             Killed from afar by an electric eel (4 damage)
             ... with a bolt of electricity
             ... on level 7 of the Dungeon.
             The game lasted 00:16:42 (8636 turns).

epen the Agent of Entropy (DsAK)                    Turns: 8636, Time: 00:16:42

Health: -1/68      AC:  9    Str: 22    XL:     9   Next: 23%
Magic:  3/15       EV: 12    Int: 13    God:    Lugonu [***...]
Gold:   431        SH:  5    Dex: 13    Spells: 0 memorised, 8 levels left

rFire  . . .     SeeInvis +       - Unarmed
rCold  . . .     Gourm    .     y - +1 ring mail "Gam Biga" {Str+3 SInv}
rNeg   . . .     Faith    .     (no shield)
rPois  .         Spirit   .     g - +1 hat
rElec  .         Dismiss  .     d - +0 cloak
rCorr  .         Reflect  +     (no gloves)
SustAt .         Harm     .     (no boots)
MR     +....                    r - +5 amulet of reflection
Stlth  +++.......               D - +3 ring of strength
                                G - ring of protection from magic

@: drained, somewhat resistant to hostile enchantments, fairly stealthy
A: claws 2, horns 1, blink, nightstalker 2, powered by death 1
a: Blink, Depart the Abyss, Bend Space, Banish, Renounce Religion


You were on level 7 of the Dungeon.
You worshipped Lugonu.
Lugonu was most pleased with you.
You were near starving.

You visited 1 branch of the dungeon, and saw 7 of its levels.
You visited the Abyss 1 time.
You also visited: Sewer.

You collected 431 gold pieces.

Inventory:

Hand Weapons
 a - a +2 falchion
Armour
 b - a +0 leather armour
 d - a +0 cloak (worn)
 g - a +1 hat (worn)
 m - a +0 ring mail
 y - the +1 ring mail "Gam Biga" (worn) {Str+3 SInv}
   (You found it on level 4 of the Dungeon)

   It affects your strength (+3).
   It lets you see invisible.
Jewellery
 r - a +5 amulet of reflection (around neck)
 s - an uncursed ring of wizardry
 D - a +3 ring of strength (right claw)
 G - a ring of protection from magic (left claw)
Wands
 q - a wand of lightning (10/15)
 x - a wand of flame (14/48)
 F - a wand of flame (23/48)
 I - a wand of iceblast (15/15)
 L - a wand of paralysis (13/24)
Scrolls
 h - 11 scrolls of identify
 l - a scroll of recharging
 w - 3 scrolls of magic mapping
 B - a scroll of enchant weapon
 E - 2 scrolls of remove curse
Potions
 e - a potion of brilliance
 f - a potion of cancellation {unknown}
 i - 4 potions of curing {unknown}
 j - a potion of flight {unknown}
 k - 2 potions of heal wounds {unknown}
 n - a potion of beneficial mutation {unknown}
 o - 3 potions of berserk rage {unknown}
 p - a potion of mutation {unknown}
 t - a potion of might {unknown}
 v - a potion of agility
 z - a potion of lignification {unknown}
 A - a potion of ambrosia {unknown}
 C - a potion of magic {unknown}
 J - a potion of invisibility {unknown}
Comestibles
 c - 5 bread rations
 u - 3 meat rations


   Skills:
 + Level 5.5(4.7) Fighting
 - Level 2.1(1.4) Long Blades
 + Level 4.4(3.8) Armour
 + Level 4.3(3.7) Dodging
 * Level 5.7(5.0) Unarmed Combat
 * Level 9.0(8.2) Invocations


You had 8 spell levels left.
You didn't know any spells.

Dungeon Overview and Level Annotations

Branches:
Dungeon (7/15)             Temple (0/1) D:5

Altars:
Ashenzari
Cheibriados
Elyvilon
Fedhas
Gozag
Okawaru
Sif Muna
Yredelemnul

Shops:
D:5 :

Annotations:
D:5 1 exclusion
Abyss:1 Pikel


Innate Abilities, Weirdness & Mutations

You have very sharp fingernails.
You are significantly more attuned to the shadows.
You regenerate a little health from kills.
You have a pair of small horns on your head.
You can translocate small distances at will.


Message History

Unknown command.
Drink which item? (? for menu, Esc to quit)
Okay, then.
Press: ? - help, Shift-Dir - straight line, f/p - centaur
Aim: a centaur (chance to defeat MR: 85%)
The centaur is devoured by a tear in reality.
Lugonu claims a new guest.
Your base Invocations skill increases to level 9!
You feel somewhat more hungry. The soldier ant stings you.
* * * LOW HITPOINT WARNING * * *
Unknown command.
Press: ? - help, Shift-Dir - straight line, f - soldier ant
Aim: a soldier ant (translocational energy, lightly wounded, chance to defeat MR: 85%)
The soldier ant is devoured by a tear in reality.
Lugonu claims a new guest.
You are near starving!
You don't have enough magic at the moment.
The electric eel shoots out a bolt of lightning at you!
The bolt of electricity hits you!
You die...

#.≈..#≈.≈
..........### +
...........# # <....
#.........#
.#≈#.....##...##...##
..#≈.....##...##...##
#≈.................#
#.................#
#≈#................#
#≈.@§..#######...##
...#;§§§.# #####
#..≈.§§..# #≈......#
#≈#........
###........


You could see an electric eel.

Vanquished Creatures
  A hungry ghost (D:7)
  2 sky beasts
  A slave (D:4)
  A wasp (D:7)
  A phantom (D:5)
  An ogre (D:6)
  5 giant frogs
  A scorpion (D:6)
  A killer bee (D:7)
  A jelly (D:5)
  2 wights (D:7)
  A howler monkey (D:5)
  3 hounds
  2 iguanas
  6 orc wizards
  A giant frog skeleton (D:5)
  A worker ant (D:7)
  Robin (D:4)
  9 adders
  A shadow imp (D:7)
  2 oozes
  4 worms
  3 dart slugs
  4 giant geckos
  33 orcs
  2 ball pythons
  18 bats
  9 giant cockroaches
  17 goblins
  10 hobgoblins
  12 jackals
  10 kobolds
  3 quokkas
  A ball python zombie (D:5)
  A giant gecko zombie (D:5)
  5 giant newts
  A jackal zombie (D:5)
  A quokka zombie (D:6)
  6 rats
184 creatures vanquished.

Vanquished Creatures (others)
  A soldier ant (D:7)
  An ice beast (D:5)
  A slave (D:3)
  A centaur (D:7)
  A crocodile (Sewer)
  The ghost of Zebura the Sneak, an amateur VSWn (D:3)
  2 killer bees (D:7)
  3 wights (D:7)
  An orc priest (D:6)
12 creatures vanquished.

Grand Total: 196 creatures vanquished

Notes
Turn   | Place    | Note
--------------------------------------------------------------
     0 | Abyss:1  | epen the Demonspawn Abyssal Knight began the quest for the Orb.
     0 | Abyss:1  | Reached XP level 1. HP: 18/18 MP: 2/2
    36 | D:1      | Escaped the Abyss
    42 | D:1      | Reached skill level 1 in Dodging
    99 | D:1      | Gained mutation: You have sharp fingernails. [demonic ancestry]
    99 | D:1      | Reached XP level 2. HP: 20/24 MP: 3/3
   505 | D:1      | Reached ** piety under Lugonu
   629 | D:1      | Gained mutation: You are slightly more attuned to the shadows. [demonic ancestry]
   629 | D:1      | Reached XP level 3. HP: 21/29 MP: 5/5
   795 | D:1      | Reached skill level 1 in Unarmed Combat
   999 | D:1      | Reached skill level 3 in Invocations
  1448 | D:2      | Found a snail-covered altar of Cheibriados.
  1478 | D:2      | Found an iron altar of Okawaru.
  1509 | D:2      | Gained mutation: You have very sharp fingernails. [demonic ancestry]
  1509 | D:2      | Reached XP level 4. HP: 19/35 MP: 6/6
  1583 | D:2      | Reached *** piety under Lugonu
  1899 | D:2      | Found a white marble altar of Elyvilon.
  2412 | D:3      | Found a basalt altar of Yredelemnul.
  2488 | D:3      | Reached skill level 4 in Invocations
  2714 | D:3      | Noticed Zebura's ghost (amateur VSWn)
  2725 | D:3      | Banished Zebura's ghost
  2725 | D:3      | Reached XP level 5. HP: 20/41 MP: 8/8
  3437 | D:4      | Reached skill level 5 in Invocations
  3437 | D:4      | Reached XP level 6. HP: 26/48 MP: 9/9
  3586 | D:4      | Got a twisted ring mail
  3597 | D:4      | Identified the +1 ring mail "Gam Biga" {Str+3 SInv} (You found it on level 4 of the Dungeon)
  3757 | D:4      | Reached **** piety under Lugonu
  3855 | D:4      | Noticed Robin
  3893 | D:4      | Killed Robin
  4057 | D:4      | Noticed a slave
  4058 | D:4      | Noticed a slave
  4075 | D:4      | Noticed a slave
  4077 | D:4      | Killed a slave
  4079 | D:4      | Noticed a slave
  4081 | D:4      | Noticed Pikel
  4134 | D:3      | Banished a slave
  4138 | D:3      | Found an opulent altar of Gozag.
  4688 | D:4      | Banished Pikel
  4688 | D:4      | Reached skill level 6 in Invocations
  4688 | D:4      | Gained mutation: You are significantly more attuned to the shadows. [demonic ancestry]
  4688 | D:4      | Reached XP level 7. HP: 25/54 MP: 9/11
  5056 | D:5      | Entered Level 5 of the Dungeon
  5065 | D:5      | Found a shattered altar of Ashenzari.
  5491 | D:5      | Found Gyliojutz's Book Boutique.
  5511 | D:5      | Found a blossoming altar of Fedhas.
  5917 | D:5      | Gained mutation: You can translocate small distances at will. [mutagenic meat]
  5918 | D:5      | Gained mutation: You have a pair of small horns on your head. [mutagenic meat]
  6102 | D:5      | Found a staircase to the Ecumenical Temple.
  6111 | D:5      | Found a deep blue altar of Sif Muna.
  6338 | D:5      | Reached XP level 8. HP: 32/61 MP: 13/13
  6662 | D:6      | Reached skill level 7 in Invocations
  7137 | D:6      | Found a glowing drain.
  7141 | Sewer    | Entered a sewer
  7734 | D:7      | Reached skill level 5 in Fighting
  7796 | D:7      | Reached skill level 8 in Invocations
  7836 | D:7      | Reached skill level 5 in Unarmed Combat
  8115 | D:7      | Gained mutation: You regenerate a little health from kills. [demonic ancestry]
  8115 | D:7      | Reached XP level 9. HP: 48/68 MP: 10/15
  8634 | D:7      | Reached skill level 9 in Invocations
  8634 | D:7      | HP: 3/68 [soldier ant (2)]
  8636 | D:7      | Killed from afar by an electric eel

Skill      XL: |  1  2  3  4  5  6  7  8  9 |
---------------+----------------------------+-----
Dodging        | 1 2 3 4 |  4.3
Long Blades    | 2 |  2.1
Unarmed Combat | 1 2 3 4 5 |  5.7
Invocations    | 3 4 5 6 8 9 |  9.0
Armour         | 2 3 4 |  4.4
Fighting       | 4 5 |  5.5

Action                   |  1- 3 |  4- 6 |  7- 9 || total
-------------------------+-------+-------+-------++-------
Melee: Falchion          |    13 |       |       ||    13
       Unarmed           |   173 |   324 |   313 ||   810
       Headbutt          |       |       |    38 ||    38
       Punch             |       |       |    10 ||    10
Invok: Banish            |       |     3 |    14 ||    17
  Use: Scroll            |       |       |     9 ||     9
 Stab: Sleeping          |     2 |     4 |    10 ||    16
       Distracted        |       |     1 |     4 ||     5
  Eat: Chunk             |     2 |     9 |    15 ||    26
       Beef jerky        |       |     1 |     2 ||     3
       Pizza             |       |     1 |       ||     1
       Bread ration      |       |       |     1 ||     1
Armor: Leather armour    |    47 |       |       ||    47
       Ring mail         |    39 |   116 |   114 ||   269
Dodge: Dodged            |   117 |   176 |   160 ||   453
Block: Other             |       |       |    29 ||    29
